 Dungeon Crawl Stone Soup version 0.17-a0-1515-gfae3d72 (webtiles) character file.

3605 matakusis the Protected (level 9, -6/71 HPs)
             Began as a Demonspawn Abyssal Knight on July 12, 2015.
             Was a High Priest of Lugonu.
             Splashed by an oklob plant's acid (18 damage)
             ... on level 8 of the Dungeon.
             The game lasted 01:10:04 (8015 turns).

matakusis the Protected (Demonspawn Abyssal Knight) Turns: 8015, Time: 01:10:04

Health: -6/71      AC: 14    Str: 20    XL:     9   Next: 86%
Magic:  20/20      EV:  7    Int: 14    God:    Lugonu [*****.]
Gold:   421        SH:  0    Dex: 13    Spells: 0 memorised, 8 levels left

rFire  . . .     SeeInvis .     v - +1 whip (elec)
rCold  + . .     Clarity  .     B - +0 plate armour
rNeg   . . .     SustAt   .     (no shield)
rPois  .         Gourm    .     q - +0 helmet
rElec  .         Spirit   .     i - +1 cloak
rCorr  .         Warding  .     (no gloves)
rMut   .         Stasis   .     (no boots)
MR     .....                    t - amulet of regeneration
Stlth  ..........               L - ring of stealth
                                f - ring of magical power

@: mighty, corroded equipment, not resistant to hostile enchantments, extremely
unstealthy
A: claws 1, cold resistance 1, foul stench 1, powered by pain 1, wild magic 1,
evolution 1, rot immunity, MP-powered wands
a: Depart the Abyss, Bend Space, Banish, Corrupt, Enter the Abyss, Renounce
Religion


You were on level 8 of the Dungeon.
You worshipped Lugonu.
Lugonu was extremely pleased with you.
You were not hungry.

You visited 2 branches of the dungeon, and saw 9 of its levels.
You visited the Abyss 1 time.

You collected 421 gold pieces.

Inventory:

Hand weapons
 v - a +1 whip of electrocution (weapon)
 y - a +4 hand axe of flaming
 D - a +0 blowgun
 F - a +0 hunting sling of evasion
 G - a +3 broad axe of chopping
Missiles
 j - 6 needles of slowing
 E - 50 poisoned needles
 H - 5 exploding tomahawks (quivered)
Armour
 i - a +1 cloak (worn)
 q - a +0 helmet (worn)
 B - a +0 plate armour (worn)
 O - a +0 troll leather armour
Jewellery
 f - a ring of magical power (left claw)
 t - an amulet of regeneration (around neck)
 J - an uncursed amulet of warding
 L - a ring of stealth (right claw)
 Q - an uncursed ring of fire
Magical devices
 A - a wand of disintegration (5)
 P - a wand of flame (29)
Scrolls
 a - a scroll of amnesia
 g - 4 scrolls of identify
 h - 2 scrolls of noise
 k - 6 scrolls of remove curse
 s - 2 scrolls of blinking
 w - 4 scrolls of teleportation
 K - a scroll of enchant armour
Potions
 e - 2 potions of lignification
 p - 3 potions of curing
 r - 3 potions of flight
 u - a potion of haste
 C - 2 potions of brilliance
Comestibles
 c - 2 bread rations
 d - 3 meat rations
 l - a royal jelly
 m - 8 fruits
 I - 2 chunks of flesh


   Skills:
 + Level 6.6 Fighting
   Level 1.0 Short Blades
 * Level 3.6(5.5) Axes
 + Level 6.4(6.9) Maces & Flails
 * Level 9.3 Armour
 - Level 0.8 Dodging
 + Level 2.9 Invocations


You had 8 spell levels left.
You didn't know any spells.

Dungeon Overview and Level Annotations

Branches:
Dungeon (8/15)             Temple (1/1) D:5
   Lair: D:8-11

Altars:
Ashenzari
Cheibriados
Dithmenos
Elyvilon
Fedhas
Gozag
Kikubaaqudgha
Makhleb
Nemelex Xobeh
Okawaru
Qazlal
Ru
Sif Muna
Trog
Vehumet
Xom
Yredelemnul
Zin
The Shining One

Shops:
D:6 :

Annotations:
D:8 exclusion: oklob plant


Innate Abilities, Weirdness & Mutations

You have sharp fingernails.
You may emit foul miasma when damaged in melee.
You sometimes gain a little power by taking damage.
You are immune to rotting.
Your flesh is cold resistant.
Your spells are a little harder to cast, but a little more powerful.
You evolve.
You expend magic power (3 MP) to strengthen your wands.


Message History

You feel very mighty all of a sudden.
You see here 2 fruits.
m - 6 fruits (gained 2)
The oklob plant spits acid at you. The splash of acid hits you!
The acid corrodes you!
The acid burns!
You see here 2 fruits.
m - 8 fruits (gained 2)
The oklob plant spits acid at you. The splash of acid misses you.
The splash of acid hits the fungus.
The oklob plant spits acid at you. The splash of acid hits you!
The acid burns!
You see here a fruit.
The oklob plant spits acid at you. The splash of acid hits you!
The acid burns!
* * * LOW HITPOINT WARNING * * *
The oklob plant spits acid at you. The splash of acid hits you!
* * * LOW HITPOINT WARNING * * *
The acid corrodes you!
The acid burns!
You die...

P.≈≈≈≈._.≈≈≈≈.P.PP#
.##.#
.≈≈≈≈...≈≈≈≈.PP♣.#
.....
≈≈≈≈≈.≈≈≈≈≈.PPP♣#
#####
.≈≈≈≈.≈≈≈≈..PPPP#
##
..≈≈≈.≈≈≈..PP♣PP#
#.
#..≈≈.≈≈..PPPPP♣#
+.
PP.......#PPPPPP#
## P#♣♣#..♣PPPP.%##
♣PPPPPPP.P@.%%.##


PPPPPP.P..PP%P.P# #PP.PPPP#.PP#P♣P# ################# ##.##.#####......+ ..#
#..##.##.##......#...+ #..##.##.'..[....#... #.....##'####.##+##.#
####<##.##.####)##.##.###+## You could see an oklob plant.

Vanquished Creatures
  Pikel (D:5)
  A hungry ghost (D:6)
  2 water moccasins (D:8)
  A slave (D:4)
  Duvessa (D:5)
  A sky beast (D:7)
  An orc warrior (D:7)
  2 phantoms
  5 centaurs
  4 ogres
  Blork the orc (D:5)
  A crocodile (D:8)
  4 giant frogs
  Dowan (D:5)
  A scorpion (D:6)
  A centaur zombie (D:6)
  4 crimson imps
  7 orc priests
  2 hounds
  A jelly (D:7)
  8 orc wizards
  2 iguanas
  3 worker ants
  Robin (D:4)
  A worker ant zombie (D:6)
  10 adders
  4 river rats (D:6)
  2 shadow imps
  2 oozes
  2 adder skeletons (D:4)
  4 worms
  24 orcs
  8 giant cockroaches
  10 hobgoblins
  11 jackals
  15 kobolds
  2 quokkas
  3 ball pythons
  10 bats
  5 giant geckos
  A giant gecko skeleton (D:5)
  3 giant newts
  19 goblins
  16 rats
  A fungus (D:8)
  2 plants (D:8)
211 creatures vanquished.

Vanquished Creatures (others)
  2 plants (D:6)
  13 toadstools (D:8)
15 creatures vanquished.

Grand Total: 226 creatures vanquished

Notes
Turn   | Place    | Note
--------------------------------------------------------------
     0 | Abyss:1  | matakusis the Demonspawn Abyssal Knight began the quest for the Orb.
     0 | Abyss:1  | Reached XP level 1. HP: 18/18 MP: 2/2
    11 | D:1      | Escaped the Abyss
   182 | D:1      | Gained mutation: You sometimes gain a little power by taking damage. [demonic ancestry]
   182 | D:1      | Reached XP level 2. HP: 20/24 MP: 3/3
   419 | D:1      | Acquired Lugonu's second power
   727 | D:2      | Found a sparkling altar of Nemelex Xobeh.
   752 | D:2      | Gained mutation: You are immune to rotting. [demonic ancestry]
   752 | D:2      | Reached XP level 3. HP: 16/29 MP: 4/4
   753 | D:2      | Found a sacrificial altar of Ru.
   891 | D:2      | Found a deep blue altar of Sif Muna.
  1078 | D:2      | Found a shadowy altar of Dithmenos.
  1447 | D:2      | Reached XP level 4. HP: 36/36 MP: 5/5
  1941 | D:3      | Acquired Lugonu's third power
  2041 | D:3      | Gained mutation: You may emit foul miasma when damaged in melee. [demonic ancestry]
  2041 | D:3      | Reached XP level 5. HP: 42/42 MP: 7/7
  2467 | D:3      | Gained mutation: Your flesh is cold resistant. [potion of beneficial mutation]
  2614 | D:4      | Noticed an ogre
  2621 | D:4      | Killed an ogre
  2730 | D:4      | Reached skill level 4 in Fighting
  2730 | D:4      | Gained mutation: You have sharp fingernails. [demonic ancestry]
  2730 | D:4      | Reached XP level 6. HP: 43/48 MP: 8/8
  2834 | D:4      | Noticed Robin
  2871 | D:4      | Killed Robin
  2871 | D:4      | Acquired Lugonu's fourth power
  2874 | D:4      | Noticed a phantom
  2896 | D:4      | Killed a phantom
  2968 | D:4      | Found a stormy altar of Qazlal.
  3947 | D:5      | Entered Level 5 of the Dungeon
  3960 | D:5      | Reached XP level 7. HP: 51/54 MP: 9/9
  3994 | D:5      | Noticed Blork the orc
  4024 | D:5      | Killed Blork the orc
  4024 | D:5      | Reached skill level 5 in Armour
  4081 | D:5      | Found an opulent altar of Gozag.
  4082 | D:5      | Found a glowing silver altar of Zin.
  4167 | D:5      | Reached skill level 1 in Short Blades
  4253 | D:5      | Noticed Pikel
  4598 | D:5      | Reached skill level 1 in Axes
  4819 | D:5      | Killed Pikel
  4819 | D:5      | Reached skill level 5 in Fighting
  4819 | D:5      | Reached skill level 6 in Armour
  4819 | D:5      | Reached XP level 8. HP: 34/62 MP: 10/10
  5008 | D:5      | Found a staircase to the Ecumenical Temple.
  5020 | Temple   | Entered the Ecumenical Temple
  5176 | D:5      | Reached skill level 7 in Armour
  5409 | D:5      | Noticed Duvessa
  5413 | D:5      | Noticed Dowan
  5421 | D:5      | Killed Duvessa
  5421 | D:5      | Reached skill level 5 in Maces & Flails
  5435 | D:5      | Killed Dowan
  5661 | D:6      | Found a stormy altar of Qazlal.
  5724 | D:6      | Reached XP level 9. HP: 65/68 MP: 11/11
  5855 | D:6      | Reached skill level 8 in Armour
  5919 | D:6      | Acquired Lugonu's fifth power
  5923 | D:6      | Found Zouwiod's Book Shoppe.
  6587 | D:7      | Gained mutation: Your spells are a little harder to cast, but a little more powerful. [mutagenic meat]
  6588 | D:7      | Gained mutation: You expend magic power (3 MP) to strengthen your wands. [mutagenic meat]
  6589 | D:7      | Gained mutation: You evolve. [mutagenic meat]
  7278 | D:7      | Identified 2 scrolls of acquirement
  7411 | D:8      | Reached skill level 9 in Armour
  7945 | D:8      | Found a blossoming altar of Fedhas.
  7959 | D:8      | Noticed an oklob plant
  8015 | D:8      | Splashed by an oklob plant's acid

Vault maps used:
D:1:      minmay_arrival_up_and_down
D:2:      grunt_temple_overflow_open, first_bread, corner_web_ring,
          nicolae_dithmenos_through_a_glass_darkly
D:4:      minmay_door_path, kennysheep_minor_cross, st_stairs_7,
          grunt_qazlal_clouds, uniq_robin
D:5:      grunt_temple_overflow_gold_and_silver,
          hangedman_abyss_or_decor_passed, uniq_pikel, uniq_duvessa,
          uniq_blork_the_orc
D:6:      wad_woods_stonehenge, serial_shops, nicolae_shop_trees
D:8:      tgw_fedhas, serial_shops, nicolae_shop_window_shopping,
          hangedman_little_slice_of_home, uniq_prince_ribbit1, uniq_psyche
Temple:   eino_narrow_crystal_temple_a_12
Abyss:1:  bh_abyss_exit_grid

Action                   |  1- 3 |  4- 6 |  7- 9 || total
-------------------------+-------+-------+-------++-------
Melee: Mace              |   106 |   218 |       ||   324
       Dagger            |       |   100 |    35 ||   135
       Hand axe          |       |       |    89 ||    89
       Whip              |       |       |   422 ||   422
       Broad axe         |       |       |    37 ||    37
 Fire: Blowgun           |       |       |    12 ||    12
Invok: Bend Space        |       |     1 |       ||     1
  Use: Scroll            |       |     8 |     9 ||    17
       Potion            |       |     9 |     6 ||    15
  Eat: Chunk             |     2 |     6 |    17 ||    25
       Beef jerky        |       |     2 |       ||     2
       Bread ration      |       |       |     1 ||     1
